AoeStats
← Guará

Lombardia

509253843Analyzed
4v4 RM · 8d ago on Sep 26, 2026· 48m 11s· 8 players
Game mode
Random Map
Map size
Large (8 player)
Population
200
Speed
Normal
Resources
Standard
Victory
Conquest
Starting age
Dark Age
Ending age
Imperial Age
RankedLock teamsTeams togetherTeam positionsShared explorationLock speedFull tech treeHidden civsTurbo modeCheats
Victory
Defeat
🇺🇸 Dravidians · United States
859
+13
🇦🇺 Malians · Australia
854
+13
🇮🇩 Danes · Indonesia
819
+15
🇹🇷 Slavs · Türkiye
815
+15
🇪🇨 Maya · Ecuador
877
-18
🇧🇷 Bohemians · Brazil
837
-16
🇪🇨 Byzantines · Ecuador
729
-11
🇪🇨 Britons · Ecuador
719
-11
golgi
6:47 Loom
11:17 Feudal Age
21:51 Castle Age
21:32 Double-Bit Axe
24:23 Town Watch
26:38 Horse Collar
28:58 Wheelbarrow
30:56 Detinets
31:33 Elite Skirmisher
35:37 Imperial Age
33:24 Hand Cart
34:49 Forging
34:32 Fletching
35:26 Gold Mining
35:27 Stone Mining
35:39 Padded Archer Armor
35:48 Heavy Plow
36:08 Bow Saw
36:46 Ballistics
38:31 Two-Man Saw
38:38 Leather Archer Armor
39:21 Murder Holes
39:37 Masonry
40:36 Fortified Wall
41:26 Chemistry
40:25 Bodkin Arrow
43:00 Siege Engineers
49:13 Ring Archer Armor
48:49 Scale Barding Armor
hank
12:48 Feudal Age
18:01 Castle Age
16:31 Double-Bit Axe
16:51 Horse Collar
19:57 Wheelbarrow
22:31 Bow Saw
23:36 Loom
27:32 Hand Cart
30:36 Heavy Plow
31:27 Fletching
31:38 Padded Archer Armor
34:12 Imperial Age
32:45 Thumb Ring
32:45 Padded Archer Armor
32:23 Pikeman
33:04 Squires
32:50 Arson
33:03 Bodkin Arrow
33:19 Forging
34:52 Halberdier
36:21 Bracer
39:14 Leather Archer Armor
39:35 Iron Casting
39:01 Scale Mail Armor
38:42 Elite Elephant Archer
41:09 Ring Archer Armor
40:55 Chain Mail Armor
41:19 Ballistics
42:08 Chemistry
42:38 Conscription
Anglo K
12:01 Feudal Age
14:39 Wheelbarrow
13:49 Loom
17:27 Castle Age
15:47 Double-Bit Axe
15:57 Horse Collar
18:31 Crossbowman
19:55 Bow Saw
19:51 Man-at-Arms
21:04 Long Swordsman
24:22 Heavy Plow
25:15 Gold Mining
25:15 Stone Mining
27:51 Hand Cart
28:47 Stone Shaft Mining
28:49 Gold Shaft Mining
28:54 Squires
29:34 Caravan
30:55 Scale Mail Armor
31:05 Forging
34:02 Imperial Age
30:56 Pikeman
32:51 Tigui
34:58 Chain Mail Armor
35:18 Iron Casting
34:06 Two-Handed Swordsman
36:25 Plate Mail Armor
35:33 Champion
38:10 Farimba
38:30 Conscription
39:23 Elite Skirmisher
39:59 Fletching
40:10 Padded Archer Armor
41:12 Chemistry
41:45 Ballistics
41:23 Bodkin Arrow
41:44 Leather Archer Armor
41:34 Scale Barding Armor
heliopopsol
1:16 Loom
11:06 Feudal Age
12:48 Wheelbarrow
12:43 Double-Bit Axe
12:40 Horse Collar
14:39 Stone Mining
21:57 Castle Age
20:29 Gold Mining
22:55 Hand Cart
22:56 Bow Saw
23:13 Pikeman
23:53 Squires
23:42 Gambesons
23:56 Man-at-Arms
24:22 Arson
25:59 Long Swordsman
27:36 Hamask
29:14 Gold Shaft Mining
31:54 Stone Shaft Mining
31:55 Caravan
32:10 Forging
31:50 Fletching
32:01 Scale Mail Armor
33:23 Bodkin Arrow
34:01 Scale Barding Armor
38:10 Imperial Age
37:22 Chain Barding Armor
36:53 Town Watch
38:31 Two-Handed Swordsman
38:31 Halberdier
38:33 Elite Varangian Guard
39:36 Conscription
40:37 Iron Casting
40:55 Bloodlines
40:06 Light Cavalry
40:48 Husbandry
40:34 Heavy Scorpion
41:03 Northmen's Fury
41:20 Champion
46:54 Elite Jomsviking
48:10 Onager
sebchenko34
0:44 Loom
10:16 Feudal Age
10:52 Double-Bit Axe
14:34 Horse Collar
18:51 Castle Age
17:20 Gold Mining
20:03 Wheelbarrow
21:33 Bow Saw
24:26 Stone Mining
26:13 Heavy Plow
26:45 Fletching
26:18 Pikeman
28:44 Forging
28:54 Squires
28:53 Treadmill Crane
28:55 Eagle Warrior
30:13 Bodkin Arrow
34:36 Imperial Age
32:18 Scale Mail Armor
32:47 Caravan
33:39 Iron Casting
33:42 Ballistics
33:39 Hand Cart
33:17 Arson
34:17 Town Watch
34:50 Chain Mail Armor
35:23 Coinage
36:40 Blast Furnace
36:31 Conscription
35:59 Elite Eagle Warrior
37:00 Guilds
38:25 Chemistry
38:20 Plate Mail Armor
38:03 Bracer
38:41 Elite Plumed Archer
39:35 Padded Archer Armor
40:32 Holcans
40:43 Thumb Ring
42:12 Two-Man Saw
41:44 Crop Rotation
41:32 Leather Archer Armor
40:40 Halberdier
43:10 Onager
KAISER962605
10:19 Feudal Age
13:23 Double-Bit Axe
13:30 Gold Mining
14:01 Horse Collar
18:23 Stone Mining
18:53 Loom
21:09 Castle Age
20:49 Fletching
21:00 Padded Archer Armor
24:33 Bow Saw
28:31 Bodkin Arrow
31:36 Ballistics
32:59 Wheelbarrow
36:03 Imperial Age
34:16 Yeomen
34:32 Caravan
36:12 Hand Cart
36:57 Elite Longbowman
38:58 Leather Archer Armor
39:51 Guilds
40:49 Chemistry
40:32 Capped Ram
john.civildem
10:24 Loom
13:07 Feudal Age
15:12 Wheelbarrow
15:57 Gold Mining
15:59 Stone Mining
17:28 Double-Bit Axe
19:37 Horse Collar
22:56 Scale Barding Armor
26:44 Castle Age
26:06 Scale Mail Armor
27:59 Husbandry
29:20 Chain Barding Armor
29:16 Chain Mail Armor
29:33 Heavy Plow
29:46 Bow Saw
33:00 Gold Shaft Mining
33:28 Stone Shaft Mining
33:46 Coinage
40:32 Imperial Age
38:36 Hand Cart
39:50 Treadmill Crane
Guará
10:20 Feudal Age
14:00 Wheelbarrow
16:03 Horse Collar
23:17 Castle Age
24:35 Man-at-Arms
24:36 Pikeman
25:16 Squires
25:04 Arson
26:38 Forging
26:29 Scale Mail Armor
26:36 Scale Barding Armor
27:14 Heavy Plow
29:47 Imperial Age
28:57 Hand Cart
30:48 Double-Bit Axe
32:27 Loom
33:08 Ballistics
32:59 Masonry
35:41 Iron Casting
35:22 Chain Mail Armor
37:39 Caravan
38:46 Chemistry
39:00 Bow Saw
39:27 Plate Mail Armor
39:57 Blast Furnace
39:39 Town Watch
40:59 Wagenburg Tactics
40:38 Halberdier
Connection lost

Rejoining the realm…

Still unreachable

The connection could not be restored.

Session expired

The server has moved on; the page needs a fresh start.